 Dungeon Crawl Stone Soup version 0.28-a0-1227-ga9037bb4c8 (webtiles) character file.

Game seed: 12926337191857360276

71 bearlyready the Shield-Bearer (level 4, 0/35 HPs)
             Began as a Demonspawn Fighter on Dec 22, 2021.
             Slain by a goblin (3 damage)
             ... led by Robin
             ... on level 3 of the Dungeon.
             The game lasted 00:01:33 (2213 turns).

bearlyready the Shield-Bearer (Demonspawn Fighter)  Turns: 2213, Time: 00:01:34

Health: 0/35       AC:  7    Str: 16    XL:     4   Next: 5%
Magic:  13/13      EV:  9    Int:  9    God:
Gold:   69         SH:  5    Dex: 15    Spells: 3/3 levels left

rFire   . . .      SeeInvis .   a - +0 long sword
rCold   . . .      Faith    .   c - +0 buckler
rNeg    . . .      Spirit   .   b - +0 scale mail
rPois   .          Reflect  .   (helmet restricted)
rElec   .          Harm     .   (no cloak)
rCorr   .          Rampage  .   o - +0 pair of gloves
Will    .....                   (no boots)
Stlth   ..........              (no amulet)
HPRegen 0.11/turn               k - ring of magical power
MPRegen 0.13/turn               (no ring)

@: no status effects
A: horns 1, powered by pain 1
a: no special abilities


You were on level 3 of the Dungeon.
You visited 1 branch of the dungeon, and saw 3 of its levels.

You collected 69 gold pieces.

Inventory:

Hand Weapons
 a - a +0 long sword (weapon)
Missiles
 f - 36 poisoned darts (quivered)
 i - 138 stones
Armour
 b - a +0 scale mail (worn)
 c - a +0 buckler (worn)
 o - a +0 pair of gloves (worn)
Jewellery
 k - a ring of magical power (left hand)
 m - a +6 ring of strength
Scrolls
 j - a scroll of fog {unknown}
 p - 4 scrolls of identify
 q - a scroll of noise
 s - a scroll of immolation {unknown}
 t - a scroll of magic mapping {unknown}
Potions
 d - a potion of might
 e - a potion of invisibility {unknown}
 g - a potion of cancellation {unknown}
 h - a potion of lignification {unknown}
 n - a potion of heal wounds {unknown}
 r - a potion of curing {unknown}


   Skills:
 - Level 3.0 Fighting
 + Level 3.0 Long Blades
 - Level 2.6 Armour
 + Level 3.7 Shields


You had 3 spell levels left.
You didn't know any spells.
Your spell library was empty.

Dungeon Overview and Level Annotations

Branches:
Dungeon (3/15)

Altars:

Annotations:
D:3 Robin


Innate Abilities, Weirdness & Mutations

You have a pair of small horns on your head.
You sometimes gain a little power by taking damage.


Message History

The goblin hits you with a +0 dagger.
You slash the goblin!
You kill the goblin!
The goblin hits you but does no damage. x4; The hobgoblin hits you.
You block the hobgoblin's attack. The goblin hits you but does no damage.
The goblin barely misses you. The goblin hits you but does no damage.
The orc wizard mumbles some strange words.
The orc wizard flickers and vanishes!
Deactivating autopickup; reactivate with Ctrl-A.
The goblin hits you with a +0 dagger. The goblin barely misses you.
You closely miss the goblin. The hobgoblin hits you.
You block the hobgoblin's attack. The goblin hits you but does no damage.
The goblin hits you with a +0 dagger. The goblin hits you but does no damage.
The goblin hits you with a +0 club. The goblin barely misses you.
You are too injured to fight recklessly!
You are too injured to fight recklessly!
You are too injured to fight recklessly!
You are too injured to fight recklessly!
You are too injured to fight recklessly!
You are too injured to fight recklessly!
You are too injured to fight recklessly!
You are too injured to fight recklessly!
As you read the scroll labelled VUTIGI WUCESCH, it crumbles to dust.
It is a scroll of identify.
q - a scroll of noise The hobgoblin hits you. x3
* * * LOW HITPOINT WARNING * * *
The goblin barely misses you.
The goblin hits you but does no damage. x2
The goblin barely misses you. You block the goblin's attack.
As you read the scroll labelled UFUOCOPS ABEXT, it crumbles to dust.
It is a scroll of amnesia.
You feel forgetful for a moment.
The hobgoblin hits you but does no damage.
The hobgoblin hits you.
* * * LOW HITPOINT WARNING * * *
You block the hobgoblin's attack. The goblin hits you with a +0 dagger.
* * * LOW HITPOINT WARNING * * *
The goblin barely misses you. The goblin closely misses you.
The goblin completely misses you. The goblin hits you with a +0 dagger.
You die...

.#. ...... ...
###...... ..
#........ .##........
..... #.......... .
.....# #..gg...... #
#........##.gggg.....
#
#........##.g@go.....
#
#........##.gggr.#...
# ##............oo..#
# #.................#
# #..............#+##
# #...........#### #
#...........#
###...........#
#......)......#


You could see Robin, 3 orcs, a quokka, 4 hobgoblins and 6 goblins.

Vanquished Creatures
  3 adders (D:2)
  2 worms (D:2)
  A dart slug (D:2)
  An endoplasm (D:3)
  A giant cockroach (D:2)
  10 goblins
  2 hobgoblins
  2 kobolds (D:2)
  A quokka (D:1)
  7 ball pythons
  3 bats
  A frilled lizard (D:2)
  4 rats
38 creatures vanquished.

Notes
Turn   | Place    | Note
-------+----------+-------------------------------------------
     0 | D:1      | bearlyready the Demonspawn Fighter began the quest for the
                  | Orb.
     0 | D:1      | Reached XP level 1. HP: 18/18 MP: 1/1
   541 | D:1      | Gained mutation: You sometimes gain a little power by
                  | taking damage. [demonic ancestry]
   541 | D:1      | Reached XP level 2. HP: 17/24 MP: 2/2
   854 | D:1      | Found a faded altar of an unknown god.
  1244 | D:2      | Gained mutation: You have a pair of small horns on your
                  | head. [demonic ancestry]
  1244 | D:2      | Reached XP level 3. HP: 16/29 MP: 3/3
  2111 | D:3      | Reached XP level 4. HP: 29/35 MP: 4/4
  2202 | D:3      | Noticed Robin
  2213 | D:3      | Slain by a goblin

Illustrated notes

Levels and vault maps discovered:
D:1:      mrwooster_arrival_arrow, layout_basic,
          ebering_ecumenical_altar_sacrificial
D:2:      layout_rooms, minmay_tromino_v4_b
D:3:      layout_basic, uniq_robin

Skill      XL: |  1  2  3 |
---------------+----------+-----
Long Blades    | 2 3 |  3.0
Shields        | 3 |  3.7
Fighting       | |  3.0
Armour         | |  2.6

Action                   |  1- 3 |  4- 6 || total
-------------------------+-------+-------++-------
Melee: Long sword        |   140 |    11 ||   151
       Headbutt          |     8 |     1 ||     9
  Use: Scroll            |       |     2 ||     2
Armor: Scale mail        |    70 |    26 ||    96
Dodge: Dodged            |    67 |    18 ||    85
Block: Buckler           |    34 |    10 ||    44

Table legend: (Time is in decaauts)
 A = Elapsed time spent in this place.
 B = Non-inter-level travel time spent in this place.
 C = Inter-level travel time spent in this place.
 D = Time resting spent in this place.
 E = Time spent auto-exploring this place.
 F = Levels seen in this place.
 G = Mean time per level.
                   A        B        C        D        E       F      G
               +--------+--------+--------+--------+--------+-----+--------+
         Total |   2257 |   2202 |     55 |      0 |   1853 |   3 |  752.3 |
       Dungeon |   2257 |   2202 |     55 |      0 |   1853 |   3 |  752.3 |
               +--------+--------+--------+--------+--------+-----+--------+

Top non-repeatable levels by time:
     D:1: 1053 daAuts
     D:2: 1038 daAuts
     D:3: 165 daAuts
